 Dungeon Crawl Stone Soup version 0.29-a0-824-gd827844252 (webtiles) character file.

Game seed: 1835307202952424881

632 buhh the Insei (level 7, -2/47 HPs)
             Began as an Octopode Transmuter on July 9, 2022.
             Slain by an orc wizard
             ... wielding a +0 dagger
              (4 damage)
             ... on level 5 of the Dungeon.
             The game lasted 00:04:08 (5459 turns).

buhh the Insei (Octopode Transmuter)                Turns: 5459, Time: 00:04:08

Health: -2/47      AC:  1    Str: 16    XL:     7   Next: 49%
Magic:  8/10       EV: 14    Int: 17    God:
Gold:   215        SH:  0    Dex: 12    Spells: 4/10 levels left

rFire   . . .      SeeInvis .     - Unarmed
rCold   . . .      Faith    .   (no shield)
rNeg    + . .      Spirit   .   (helmet currently unavailable)
rPois   .          Reflect  .   i - amulet of magic regeneration
rElec   .          Harm     .   e - +6 ring of strength
rCorr   .          Rampage  .   p - ring of positive energy
Will    .....                   (no ring)
Stlth   +++.......              (no ring)
HPRegen 0.15/turn               (no ring)
MPRegen 0.52/turn               (no ring)
                                (no ring)
                                (no ring)

@: lethally poisoned (-2 -> -4), appendages, very slightly contaminated
A: tentacle spike 3, almost no armour, amphibious, 8 rings, camouflage 1,
gelatinous body 1, (nimble swimmer 1), tentacles
a: End Transformation


You were on level 5 of the Dungeon.
One of your tentacles had grown a beastly spike.
You visited 1 branch of the dungeon, and saw 5 of its levels.

You collected 215 gold pieces.

Inventory:

Missiles
 k - 17 poisoned darts
 r - 2 throwing nets
Jewellery
 e - a +6 ring of strength (left tentacle)
 i - an amulet of magic regeneration (around mantle)
 p - a ring of positive energy (right tentacle)
 s - an amulet of faith
 z - an amulet of the acrobat
Wands
 w - a wand of flame (25)
Scrolls
 a - 5 scrolls of identify {unknown}
 b - 3 scrolls of teleportation {!d}
 c - a scroll of enchant weapon {unknown}
 d - 2 scrolls of enchant armour {unknown}
 g - a scroll of brand weapon {unknown}
 j - 2 scrolls of noise {unknown}
 n - 4 scrolls of fog
 t - 2 scrolls of silence {unknown}
 y - a scroll of poison {unknown}
Potions
 f - 3 potions of curing {unknown}
 h - a potion of attraction {unknown}
 l - 2 potions of heal wounds {unknown}
 m - a potion of might {unknown}
 o - a potion of magic {unknown}
 q - 3 potions of degeneration {unknown}
 u - a potion of mutation {unknown}
 v - a potion of invisibility {unknown}
 x - a potion of resistance {unknown}


   Skills:
 + Level 3.9 Fighting
 + Level 4.2 Dodging
 - Level 2.0 Stealth
 + Level 4.8 Unarmed Combat
 - Level 2.0 Spellcasting
 + Level 4.0 Transmutations
 - Level 1.0 Poison Magic


You had 4 spell levels left.
You knew the following spells:

 Your Spells              Type           Power      Damage    Failure   Level
a - Beastly Appendage     Tmut           30%        N/A       3%          1
b - Wereblood             Tmut           15%        N/A       5%          2
c - Spider Form           Tmut/Pois      10%        N/A       21%         3

Your spell library contained the following spells:

 Spells                   Type           Power      Damage    Failure   Level
 Gell's Gravitas          Tloc           1%         N/A       50%         3
 Teleport Other           Tloc           1%         N/A       50%         3
 Ice Form                 Ice/Tmut       8%         N/A       63%         4
 Dispersal                Tloc           0%         N/A       100%        6


Dungeon Overview and Level Annotations

Branches:
Dungeon (5/15) Zot: 24544
 Temple: D:4-7

Altars:
Ashenzari
Okawaru
Yredelemnul

Annotations:
D:4 3 runed translucent doors, zhov's ghost, amateur DsHu
D:5 2 transporters, SkeletonJelly's ghost, amateur DsFi


Innate Abilities, Weirdness & Mutations

One of your tentacles has grown a beastly spike.
You cannot wear most types of armour.
You are amphibious.
You can wear up to eight rings at the same time.
Your skin changes colour to match your surroundings (Stealth+).
Your rubbery body absorbs attacks. (AC +1, EV +1)
((You are camouflaged when in or above water. (Stealth+)))
You have tentacles for arms and can constrict up to eight enemies at once.


Message History

One of your tentacles grows a vicious spike.
The orc wizard mumbles some strange words.
The orc wizard flickers and vanishes!
Deactivating autopickup; reactivate with Ctrl-A.
No target in view!
No target in view!
Your primal bloodlust is almost over.
Something hits you.
No target in view!
No target in view!
You closely miss something.
Your tentacle spike misses something.
Something hits you.
You tentacle-slap something. Something hits you.
You closely miss something.
Your tentacle spike misses something.
Your squeeze misses something. Something hits you.
You tentacle-slap something.
Your tentacle spike misses something.
You hear some strange, mumbled words.
A puff of flame appears from out of thin air!
The puff of flame hits you!
You miss something.
Your tentacle spike misses something.
Your squeeze misses something.
You hear some strange, mumbled words.
A puff of flame appears from out of thin air!
The puff of flame hits you!
You closely miss something. Something hits you.
You miss something.
Your primal bloodlust has ended.
You barely miss something.
Your tentacle spike misses something.
Something hits you.
You miscast Spider Form.
You are very lightly contaminated with residual magic.
You feel odd!
You are poisoned.
* * * LOW HITPOINT WARNING * * *
x2 You feel sick.
Something hits you.
* * * LOW HITPOINT WARNING * * *
You tentacle-slap something.
* * * LOW HITPOINT WARNING * * *
You feel sick. Something hits you.
You die...

.#.#.#.#
#...##.#
#.## #.#
#!..##.#
#y###)#
###))#
###.###..##
........##
.#..###.@#
.. ##{# #.#
... #...
#####


You could see a killer bee.

Vanquished Creatures
  A centaur (D:5)
  A hound (D:4)
  2 orc priests
  An iguana (D:5)
  Natasha (thrice) (D:4)
  4 orc wizards
  A scorpion zombie (D:4)
  A howler monkey zombie (D:4)
  3 gnolls (D:4)
  7 adders
  2 worms
  5 dart slugs
  19 orcs
  4 ball pythons
  8 bats
  8 endoplasms
  3 giant cockroaches
  8 goblins
  9 hobgoblins
  3 jackals (D:3)
  6 quokkas
  6 frilled lizards
  9 kobolds
  3 rats
117 creatures vanquished.

Notes
Turn   | Place    | Note
-------+----------+-------------------------------------------
     0 | D:1      | buhh the Octopode Transmuter began the quest for the Orb.
     0 | D:1      | Reached XP level 1. HP: 13/13 MP: 3/3
   239 | D:1      | Reached XP level 2. HP: 18/18 MP: 3/5
  1106 | D:2      | Reached XP level 3. HP: 13/23 MP: 6/6
  1676 | D:2      | Reached XP level 4. HP: 29/29 MP: 7/7
  2231 | D:3      | Reached XP level 5. HP: 25/35 MP: 8/8
  3199 | D:4      | Found a broken altar of Ashenzari.
  3363 | D:3      | Learned a level 2 spell: Wereblood
  3367 | D:3      | Learned a level 3 spell: Spider Form
  3381 | D:4      | Reached XP level 6. HP: 35/41 MP: 9/9
  3930 | D:4      | Found a runed translucent gate.
  3930 | D:4      | Found a runed translucent gate.
  3930 | D:4      | Found a runed translucent gate.
  3930 | D:4      | Noticed zhov's ghost (amateur DsHu)
  3933 | D:4      | Found a basalt altar of Yredelemnul.
  3987 | D:4      | Noticed Natasha
  3995 | D:4      | Killed Natasha
  4130 | D:4      | Noticed Natasha
  4138 | D:4      | Killed Natasha
  4139 | D:4      | Reached XP level 7. HP: 23/46 MP: 10/10
  4341 | D:4      | Noticed Natasha
  4348 | D:4      | Killed Natasha
  4715 | D:5      | Entered Level 5 of the Dungeon
  4715 | D:5      | Found a transporter.
  4715 | D:5      | Found a transporter.
  4724 | D:5      | Found an iron altar of Okawaru.
  5418 | D:5      | Noticed SkeletonJelly's ghost (amateur DsFi)
  5459 | D:5      | HP: 2/47 [poisoned by miscasting Spider Form]
  5459 | D:5      | Slain by an orc wizard

Illustrated notes

Levels and vault maps discovered:
D:1:      ncdulo_wetmaze, layout_basic
D:2:      layout_loops_corners, minmay_small_reverse_x
D:3:      layout_rooms
D:4:      layout_loops_cross, nicolae_yredelemnul_ghost_church,
          ashenzari_altar_1, grunt_decor_arrowhead, uniq_natasha
D:5:      layout_loops_ring, nicolae_overflow_crystal_walls,
          gammafunk_ghost_hive, uniq_pikel, uniq_crazy_yiuf_cottage,
          uniq_sigmund

Skill      XL: |  1  2  3  4  5  6  7 |
---------------+----------------------+-----
Stealth        | 1 2 |  2.0
Poison Magic   | 1 |  1.0
Fighting       | 2 3 |  3.9
Dodging        | 3 4 |  4.2
Unarmed Combat | 4 |  4.8
Transmutations | 3 4 |  4.0
Spellcasting   | |  2.0

Action                   |  1- 3 |  4- 6 |  7- 9 || total
-------------------------+-------+-------+-------++-------
Melee: Unarmed           |    53 |   150 |    47 ||   250
       Constrict         |    18 |    42 |     5 ||    65
       Kick              |    14 |    38 |     8 ||    60
       Tentacles         |    12 |    29 |     7 ||    48
       Punch             |     1 |     7 |     2 ||    10
 Cast: Beastly Appendage |    22 |    36 |    12 ||    70
       Spider Form       |       |     1 |     1 ||     2
       Wereblood         |       |       |     1 ||     1
  Use: Potion            |       |     2 |       ||     2
       Scroll            |       |     2 |       ||     2
 Stab: Sleeping          |     4 |     6 |       ||    10
Armor: Skin              |     4 |    47 |     1 ||    52
Dodge: Dodged            |    30 |    96 |    27 ||   153

Table legend: (Time is in decaauts)
 A = Elapsed time spent in this place.
 B = Non-inter-level travel time spent in this place.
 C = Inter-level travel time spent in this place.
 D = Time resting spent in this place.
 E = Time spent auto-exploring this place.
 F = Levels seen in this place.
 G = Mean time per level.
                   A        B        C        D        E       F      G
               +--------+--------+--------+--------+--------+-----+--------+
         Total |   5455 |   5411 |     44 |    482 |   4186 |   5 | 1091.0 |
       Dungeon |   5455 |   5411 |     44 |    482 |   4186 |   5 | 1091.0 |
               +--------+--------+--------+--------+--------+-----+--------+

Top non-repeatable levels by time:
     D:4: 1348 daAuts
     D:3: 1216 daAuts
     D:1: 1081 daAuts
     D:2: 1068 daAuts
     D:5: 740 daAuts
